 Dungeon Crawl Stone Soup version 0.29-a0-322-g68df515428 (webtiles) character file.

Game seed: 7427855483600543482

382 bande the Chopper (level 6, 0/39 HPs)
             Began as a Gargoyle Fighter on Apr 5, 2022.
             Killed by nerve-wracking pain
             ... invoked by Menkaure
              (7 damage)
             ... on level 4 of the Dungeon.
             The game lasted 00:05:17 (3514 turns).

bande the Chopper (Gargoyle Fighter)                Turns: 3514, Time: 00:05:18

Health: 0/39       AC: 19    Str: 20    XL:     6   Next: 76%
Magic:  6/6        EV:  7    Int:  8    God:
Gold:   235        SH:  4    Dex: 11    Spells: 5/5 levels left

rFire   . . .      SeeInvis .   a - +0 war axe (freeze)
rCold   + . .      Faith    .   c - +0 buckler
rNeg    + . .      Spirit   .   u - +0 chain mail
rPois   ∞          Reflect  .   h - +1 helmet
rElec   +          Harm     .   (no cloak)
rCorr   .          Rampage  .   (no gloves)
Will    .....                   j - +2 pair of boots
Stlth   ..........              (no amulet)
HPRegen 0.13/turn               l - ring of protection from cold
MPRegen 0.10/turn               (no ring)

@: no status effects
A: sickness immunity, AC +4, negative energy resistance 1, electricity
resistance, torment resistance 1, petrification resistance
a: no special abilities


You were on level 4 of the Dungeon.
You visited 1 branch of the dungeon, and saw 4 of its levels.

You collected 235 gold pieces.

Inventory:

Hand Weapons
 a - a +0 war axe of freezing (weapon)
 b - a +0 flail
Missiles
 f - 2 throwing nets (quivered)
Armour
 c - a +0 buckler (worn)
 h - a +1 helmet (worn)
 j - a +2 pair of boots (worn)
 k - a +0 ring mail of fire resistance
 u - a +0 chain mail (worn)
Jewellery
 l - a ring of protection from cold (left hand)
Wands
 e - a wand of polymorph (6)
Scrolls
 s - a scroll of enchant armour
Potions
 d - a potion of lignification {unknown}
 g - 3 potions of flight
 i - a potion of resistance
 m - a potion of brilliance {unknown}
 n - a potion of heal wounds {unknown}
 o - 2 potions of curing
 r - a potion of mutation {unknown}


   Skills:
 + Level 4.4 Fighting
 + Level 4.8 Axes
 + Level 4.4 Armour
 + Level 4.1 Shields


You had 5 spell levels left.
You didn't know any spells.
Your spell library was empty.

Dungeon Overview and Level Annotations

Branches:
Dungeon (4/15)
 Temple: D:4-7

Altars:

Shops:
D:2 (

Annotations:
D:4 Menkaure


Innate Abilities, Weirdness & Mutations

You are immune to sickness and miasma.
Your stone body is resilient. (AC +4)
You are immune to poison.
You resist negative energy. (rN+)
You are resistant to electric shocks. (rElec)
You are resistant to unholy torment.
You are immune to petrification.


Message History

You hit Menkaure but do no damage. Menkaure barely misses you.
You barely miss Menkaure.
Menkaure hits you but does no damage. x2
You barely miss Menkaure. You block Menkaure's attack.
You barely miss Menkaure. You block Menkaure's attack. Menkaure hits you!
You are too injured to fight recklessly!
You are too injured to fight recklessly!
You are too injured to fight recklessly!
You hit Menkaure but do no damage. Menkaure barely misses you.
You hit Menkaure.
Menkaure is lightly damaged.
Menkaure hits you but does no damage. Menkaure closely misses you.
You hit Menkaure but do no damage.
Menkaure is lightly damaged.
Menkaure hits you.
Unknown command.
You hit Menkaure.
Menkaure is lightly damaged.
Menkaure points at you and mumbles some strange words.
You are unaffected.
Menkaure gestures at you while chanting.
Pain shoots through your body!
You hit Menkaure. You freeze Menkaure.
Menkaure is heavily damaged.
Menkaure hits you!
* * * LOW HITPOINT WARNING * * *
You block Menkaure's attack.
Unknown command.
You feel better. Menkaure casts a spell at you. Pain shoots through your body!
* * * LOW HITPOINT WARNING * * *
You slash Menkaure! You freeze Menkaure.
Menkaure is almost destroyed.
Menkaure hits you.
* * * LOW HITPOINT WARNING * * *
You barely miss Menkaure.
Menkaure is almost destroyed.
Menkaure gestures at you while chanting.
Pain shoots through your body!
You die...

#.# ... #.# ### #.#
#.. #.# #.# #.# #.#
# ##.###
#####.####.#
.....####.......@M.#
.#....†.......######
.###.####.##### .#
#.# #†# .# #.# #.#
.# #.# ##.##
.###.###.#.##
........###.#
####.###.#.##


You could see Menkaure (fast).

Vanquished Creatures
  An ogre (D:3)
  A scorpion (D:3)
  A jelly (D:4)
  A gnoll shaman (D:4)
  4 gnolls
  7 adders
  4 worms
  3 dart slugs
  An orc (D:3)
  8 ball pythons
  6 endoplasms
  4 giant cockroaches
  4 goblins
  8 hobgoblins
  4 jackals (D:4)
  A quokka (D:1)
  10 bats
  3 frilled lizards
  4 kobolds
  3 rats
78 creatures vanquished.

Vanquished Creatures (others)
  4 toadstools (D:1)
4 creatures vanquished.

Grand Total: 82 creatures vanquished

Notes
Turn   | Place    | Note
-------+----------+-------------------------------------------
     0 | D:1      | bande the Gargoyle Fighter began the quest for the Orb.
     0 | D:1      | Reached XP level 1. HP: 14/14 MP: 1/1
   165 | D:1      | Reached XP level 2. HP: 19/19 MP: 2/2
   580 | D:1      | Reached XP level 3. HP: 23/23 MP: 3/3
  1264 | D:2      | Found a faded altar of an unknown god.
  1519 | D:2      | Found Micen's Weapon Shoppe.
  1719 | D:2      | Reached XP level 4. HP: 28/28 MP: 4/4
  2555 | D:3      | Noticed a scorpion
  2566 | D:3      | Killed a scorpion
  2567 | D:3      | Reached XP level 5. HP: 26/33 MP: 5/5
  2668 | D:3      | Noticed an ogre
  2674 | D:3      | Killed an ogre
  2675 | D:3      | Reached XP level 6. HP: 38/38 MP: 6/6
  3060 | D:4      | Identified the +4 dagger of the Sky {freeze, rPois Str+7}
  3496 | D:4      | Noticed Menkaure
  3514 | D:4      | Killed from afar by Menkaure

Illustrated notes

Levels and vault maps discovered:
D:1:      dpeg_arrival_rooms_with_view, layout_loops_ring,
          minmay_misc_feat_hallway, minmay_gold_behind_fungi,
          minmay_misc_feat_encased, supply_closet_lemuel
D:2:      layout_basic, chequers_ecumenical_altar_simple_redux, serial_shops,
          nicolae_shop_statue_plus, dk_vineyard_2
D:3:      layout_basic, minmay_quantized
D:4:      minmay_clustersquares, layout_loops_ring, general_overflow_altar,
          minmay_cut_off, uniq_menkaure

Skill      XL: |  1  2  3  4  5  6 |
---------------+-------------------+-----
Axes           | 2 3 4 |  4.8
Armour         | 4 |  4.4
Fighting       | 4 |  4.4
Shields        | 4 |  4.1

Action                   |  1- 3 |  4- 6 || total
-------------------------+-------+-------++-------
Melee: War axe           |   114 |   170 ||   284
  Use: Scroll            |     3 |     8 ||    11
       Potion            |       |     2 ||     2
Armor: Scale mail        |    78 |    70 ||   148
       Chain mail        |       |    37 ||    37
Dodge: Dodged            |    53 |    60 ||   113
Block: Buckler           |    27 |    39 ||    66

Table legend: (Time is in decaauts)
 A = Elapsed time spent in this place.
 B = Non-inter-level travel time spent in this place.
 C = Inter-level travel time spent in this place.
 D = Time resting spent in this place.
 E = Time spent auto-exploring this place.
 F = Levels seen in this place.
 G = Mean time per level.
                   A        B        C        D        E       F      G
               +--------+--------+--------+--------+--------+-----+--------+
         Total |   3620 |   3543 |     77 |    368 |   2427 |   4 |  905.0 |
       Dungeon |   3620 |   3543 |     77 |    368 |   2427 |   4 |  905.0 |
               +--------+--------+--------+--------+--------+-----+--------+

Top non-repeatable levels by time:
     D:1: 1211 daAuts
     D:3: 1086 daAuts
     D:2: 819 daAuts
     D:4: 502 daAuts
